 Dungeon Sprint DCSS version 0.19.1 (webtiles) character file.

12578 equalderp2856 the Ninja (level 11, -1/50 HPs)
             Began as a Felid Fighter on Dec 14, 2016.
             Was a High Priest of Nemelex Xobeh.
             Slain by a spriggan berserker
             ... wielding a +0 quarterstaff
              (27 damage)
             ... in the Dungeon (Sprint IV: "Fedhas' Mad Dash").
             The game lasted 00:42:30 (8569 turns).

equalderp2856 the Ninja (Felid Fighter)             Turns: 8569, Time: 00:42:31

Health: -1/50      AC:  2    Str: 13    XL:     11   Next: 64%
Magic:  24/24      EV: 28    Int: 11    God:    Nemelex Xobeh [*****.]
Gold:   62         SH:  0    Dex: 17    Spells: 2 memorised, 6 levels left
                                        Lives:  0   Deaths: 3

rFire  + . .     SeeInvis +       - Unarmed
rCold  + . .     Gourm    .     (armour unavailable)
rNeg   . . .     Faith    .     (shield unavailable)
rPois  .         Spirit   .     (helmet unavailable)
rElec  .         Reflect  .     (cloak unavailable)
rCorr  .         Harm     .     (gloves unavailable)
MR     ++...     NoTele   +     (boots unavailable)
Stlth  ++++++++++               i - amulet of invisibility {+Inv}
                                u - ring of Comywko {rF+ MR+ Stlth+}
                                n - ring of protection from cold

@: very slightly contaminated, quick
A: no armour, no weapons or thrown items, stealth, claws 1, fangs 3, see
invisible, carnivore 3, speed 1, shaggy fur 2, slow metabolism 1, sharp paws
a: Triple Draw, Deal Four, Stack Five, Renounce Religion, Evoke Invisibility


You were in the Dungeon.
You worshipped Nemelex Xobeh.
Nemelex Xobeh was extremely pleased with you.
You were not hungry.

You visited 1 branch You collected 506 gold pieces.
You spent 444 gold pieces at shops.

Inventory:

Jewellery
 i - the amulet of invisibility (around neck) {+Inv}
   (You found it in the Dungeon)

   [amulet of nothing]

   It lets you turn invisible.
 n - a ring of protection from cold (left paw)
 u - the ring of Comywko (right paw) {rF+ MR+ Stlth+}
   (You bought it in a shop in the Dungeon)

   [ring of protection from fire]

   It protects you from fire.
   It affects your resistance to hostile enchantments.
   It makes you more stealthy.
 w - the amulet of Nerri {Faith rPois Str+3}
   (You found it in the Dungeon)

   [amulet of faith]

   It allows you to gain divine favour quickly.
   It affects your strength (+3).
   It protects you from poison.
Scrolls
 h - 3 scrolls of blinking
 o - a scroll of identify {unknown}
 p - a scroll of brand weapon {unknown}
Potions
 a - a potion of might
 d - a potion of heal wounds
 e - a potion of haste
 f - 2 potions of magic
 g - a potion of berserk rage
Books
 q - a book of Misfortune

   Spells                             Type                      Level
   a - Confusing Touch                Hexes                        1
   b - Confuse                        Hexes                        3
   c - Gell's Gravitas                Hexes/Translocation          3
   d - Petrify                        Transmutation/Earth          4
   e - Metabolic Englaciation         Hexes/Ice                    5
   f - Yara's Violent Unravelling     Hexes/Transmutation          5
Miscellaneous
 c - a plain deck of destruction {drawn: 3}
 j - an ornate deck of summoning {drawn: 4}
 k - an ornate deck of escape {drawn: 1}
 m - a plain deck of destruction
 r - an ornate deck of destruction {drawn: 2}
 s - an ornate deck of destruction {drawn: 2}
 t - a plain deck of destruction
 v - an ornate deck of escape
Comestibles
 b - 2 meat rations
 l - 4 royal jellies


   Skills:
 + Level 7.1 Fighting
 + Level 12.1 Dodging
 O Level 27 Stealth
 + Level 16.2 Unarmed Combat
 + Level 10.0 Invocations
 + Level 16.8 Evocations


You had 6 spell levels left.
You knew the following spells:

 Your Spells              Type           Power        Failure   Level  Hunger
a - Confusing Touch       Hex            #.....       34%         1    ##.....
b - Confuse               Hex            #.......     90%         3    ####...


Dungeon Overview and Level Annotations

Branches:
Dungeon (1/1)

Altars:
Cheibriados
Dithmenos
Elyvilon
Gozag
Hepliaklqana
Kikubaaqudgha
Makhleb
Nemelex Xobeh
Okawaru
Qazlal
Ru
Sif Muna
Trog
Uskayaw
Vehumet
Xom
Yredelemnul
Zin
The Shining One
Beogh
Jiyva
Lugonu

Shops:
D =*(*![[=(*=!!!%!*!}(=


Innate Abilities, Weirdness & Mutations

You cannot wear armour.
You are incapable of wielding weapons or throwing items.
Your paws allow you to move quietly. (Stealth)
You have sharp claws.
You have razor-sharp teeth.
You have supernaturally acute eyesight. (SInv)
You are carnivorous and can eat meat at any time.
You cover ground quickly.
You are covered in thick fur. (AC +2)
You have a slow metabolism.
Your sharp claws are effective at attacking unaware monsters.


Message History

Aim: a spriggan berserker, wielding a quarterstaff and wearing an animal skin (heavily wounded, berserk, fast, unusually strong) Really fire in your vampire mosquito's direction?
The wavering orb of destruction weakly hits the spriggan berserker.
The spriggan berserker is severely wounded.
Your vampire mosquito bites the spriggan berserker.
Your vampire mosquito draws strength from the spriggan berserker's injuries!
The vampire mosquito barely misses your vampire mosquito.
The spriggan berserker hits you with a quarterstaff!!
The vampire mosquito completely misses you.
Your vampire mosquito misses the spriggan berserker.
Your vampire mosquito completely misses the spriggan berserker.
The vampire mosquito bites your vampire mosquito.
Your vampire mosquito closely misses the spriggan berserker.
You claw the spriggan berserker!
The spriggan berserker is almost dead.
The vampire mosquito closely misses you.
The spriggan berserker hits you with a quarterstaff!!
Ouch! That really hurt!
You die...
Your body glows slightly and disappears.

..........#####∩∩∩#............##
#################################
♣..♣..♣..♣..♣..♣..♣..♣..♣..♣..♣..
..............))......)..†.......
♣..♣..♣..♣..♣..♣..♣..♣..♣..♣..♣..
#################################
######.....#####....####
####.............yy........
................@iy........
...........).....yy........
....######.....####....#### ....#
####### ###### #####


You could see a spriggan berserker (berserk), 2 vampire mosquitoes and 3
friendly vampire mosquitoes.

Vanquished Creatures
  the Enchantress (D)
  Agnes (D)
  A ghost moth (D)
  A spriggan defender (D)
  2 spriggan berserkers (D)
  2 spriggan druids (D)
  25 oklob plants (D)
  3 demonic crawlers (D)
  3 wandering mushrooms (D)
  3 burning bushes (D)
  A queen bee (D)
  4 hornets (D)
  2 scorpions (D)
  4 killer bees (D)
  5 oklob saplings (D)
  2 worker ants (D)
  7 spriggans (D)
  A river rat (D)
  A rat (D)
  A ballistomycete (D)
  A bush (D)
  A fungus (D)
72 creatures vanquished.

Vanquished Creatures (collateral kills)
  A ghost moth (D)
  3 spriggan defenders (D)
  2 spriggan berserkers (D)
  4 spriggans (D)
  2 spriggan druids (D)
  3 moths of wrath (D)
  A demonic crawler (D)
  6 hornets (D)
  A queen bee (D)
  A ballistomycete spore (D)
24 creatures vanquished.

Vanquished Creatures (others)
  4 ballistomycetes (D)
  2 ballistomycete spores (D)
  2 bushes (D)
  A fungus (D)
9 creatures vanquished.

Grand Total: 105 creatures vanquished

Notes
Turn   | Place    | Note
-------+----------+-------------------------------------------
     0 | D        | equalderp2856 the Felid Fighter began the quest for the Orb.
     0 | D        | Reached XP level 1. HP: 10/10 MP: 2/2
    11 | D        | Reached skill level 2 in Stealth
    11 | D        | Reached XP level 2. HP: 14/14 MP: 3/3
    31 | D        | Noticed an oklob sapling
   459 | D        | Killed an oklob sapling
   459 | D        | Reached skill level 5 in Dodging
   459 | D        | Reached skill level 4 in Stealth
   459 | D        | Reached skill level 5 in Unarmed Combat
   459 | D        | Reached XP level 3. HP: 18/18 MP: 4/4
   498 | D        | Found an opulent altar of Gozag.
   498 | D        | Found a hazy altar of Hepliaklqana.
   498 | D        | Found a burning altar of Makhleb.
   498 | D        | Found a roughly hewn altar of Beogh.
   498 | D        | Found a sparkling altar of Nemelex Xobeh.
   498 | D        | Found a snail-covered altar of Cheibriados.
   498 | D        | Found a sacrificial altar of Ru.
   498 | D        | Found a deep blue altar of Sif Muna.
   498 | D        | Found a shimmering altar of Xom.
   498 | D        | Found a basalt altar of Yredelemnul.
   499 | D        | Found a viscous altar of Jiyva.
   499 | D        | Found a bloodstained altar of Trog.
   499 | D        | Noticed an oklob sapling priest
   500 | D        | Found an iron altar of Okawaru.
   500 | D        | Found a shadowy altar of Dithmenos.
   500 | D        | Found a glowing silver altar of Zin.
   501 | D        | Found an ancient bone altar of Kikubaaqudgha.
   501 | D        | Found a hide-covered altar of Uskayaw.
   502 | D        | Found a stormy altar of Qazlal.
   502 | D        | Found a white marble altar of Elyvilon.
   502 | D        | Found a glowing golden altar of the Shining One.
   503 | D        | Found a radiant altar of Vehumet.
   503 | D        | Found a corrupted altar of Lugonu.
   506 | D        | Killed an oklob sapling priest
   506 | D        | Reached skill level 5 in Stealth
   506 | D        | Reached XP level 4. HP: 22/22 MP: 2/5
   590 | D        | Reached skill level 6 in Stealth
   590 | D        | Reached skill level 1 in Evocations
   590 | D        | Reached XP level 5. HP: 25/25 MP: 3/6
   606 | D        | Reached skill level 5 in Fighting
   606 | D        | Reached skill level 7 in Stealth
   721 | D        | Reached skill level 8 in Stealth
   776 | D        | Became a worshipper of Nemelex Xobeh the Trickster
   875 | D        | Found Ozas's Food Shop.
   875 | D        | Found Rumom's Distillery.
   880 | D        | Noticed a burning bush
   880 | D        | Noticed a wandering mushroom
   881 | D        | Noticed a wandering mushroom
   885 | D        | Killed a wandering mushroom
   885 | D        | Reached skill level 10 in Stealth
   885 | D        | Reached skill level 10 in Unarmed Combat
   885 | D        | Gained mutation: You are covered in thick fur. (AC +2) [Felid growth]
   885 | D        | Reached XP level 6. HP: 31/31 MP: 6/10
  1266 | D        | Reached skill level 11 in Stealth
  1266 | D        | Reached XP level 7. HP: 34/34 MP: 9/11
  1269 | D        | Killed a wandering mushroom
  1269 | D        | Reached skill level 12 in Stealth
  1269 | D        | Reached skill level 5 in Evocations
  1453 | D        | Killed a burning bush
  1453 | D        | Reached skill level 13 in Stealth
  1604 | D        | Received a gift from Nemelex Xobeh
  1604 | D        | Found Piereo's Gadget Emporium.
  1604 | D        | Found Jucvi's Distillery.
  1661 | D        | Noticed a queen bee
  1662 | D        | Reached * piety under Nemelex Xobeh
  1665 | D        | Received a gift from Nemelex Xobeh
  1668 | D        | Killed a queen bee
  1668 | D        | Reached XP level 8. HP: 39/39 MP: 12/14
  1877 | D        | Reached skill level 14 in Stealth
  2100 | D        | Noticed an oklob plant
  2103 | D        | Killed an oklob plant
  2228 | D        | Noticed a burning bush
  2231 | D        | Killed a burning bush
  2231 | D        | Reached skill level 15 in Stealth
  2242 | D        | Noticed a burning bush
  2242 | D        | Noticed an oklob plant
  2243 | D        | Noticed a wandering mushroom
  2244 | D        | Killed a burning bush
  2244 | D        | Reached XP level 9. HP: 42/42 MP: 15/17
  2249 | D        | Killed an oklob plant
  2249 | D        | Reached skill level 16 in Stealth
  2249 | D        | Reached skill level 10 in Evocations
  2253 | D        | Killed a wandering mushroom
  2253 | D        | Reached skill level 17 in Stealth
  2456 | D        | Noticed a spriggan druid
  2457 | D        | Killed a spriggan druid
  2539 | D        | Received a gift from Nemelex Xobeh
  2831 | D        | Reached ** piety under Nemelex Xobeh
  2834 | D        | Noticed an oklob plant conjurer
  2836 | D        | Killed an oklob plant conjurer
  2836 | D        | Reached skill level 18 in Stealth
  2905 | D        | Learned a level 1 spell: Confusing Touch
  2909 | D        | Learned a level 3 spell: Confuse
  3082 | D        | Noticed an oklob plant
  3082 | D        | Noticed an oklob plant summoner
  3083 | D        | Noticed an oklob plant shifter
  3087 | D        | Killed an oklob plant
  3087 | D        | Reached XP level 10. HP: 46/46 MP: 16/19
  3089 | D        | Killed an oklob plant summoner
  3092 | D        | Killed an oklob plant shifter
  3092 | D        | Reached skill level 10 in Dodging
  3092 | D        | Reached skill level 19 in Stealth
  3220 | D        | Noticed a spriggan rider
  3237 | D        | Killed a spriggan rider
  3240 | D        | Reached skill level 20 in Stealth
  3253 | D        | Found Oxoxzeof's Weapon Emporium.
  3253 | D        | Received a gift from Nemelex Xobeh
  3257 | D        | Found Kocraim's Jewellery Shoppe.
  3470 | D        | Noticed Agnes
  3472 | D        | Found Wyxto's Distillery.
  3472 | D        | Noticed a spriggan berserker
  3474 | D        | Found Nihoguh's General Store.
  3476 | D        | Killed Agnes
  3476 | D        | Reached skill level 21 in Stealth
  3479 | D        | Reached *** piety under Nemelex Xobeh
  3481 | D        | Killed a spriggan berserker
  3487 | D        | Noticed a spriggan defender
  3637 | D        | Slain by a spriggan defender
  3638 | D        | Reached XP level 9. HP: 0/42 MP: 19/19
  3681 | D        | Killed a spriggan defender
  3681 | D        | Reached skill level 22 in Stealth
  3681 | D        | Reached XP level 10. HP: 20/46 MP: 20/20
  3955 | D        | Noticed a spriggan rider
  3959 | D        | Received a gift from Nemelex Xobeh
  3963 | D        | Killed a spriggan rider
  3975 | D        | Noticed a ghost moth
  3999 | D        | Paralysed by a hornet for 1 turns
  4492 | D        | Killed a ghost moth
  4492 | D        | Reached skill level 23 in Stealth
  4492 | D        | Reached skill level 1 in Invocations
  4619 | D        | Noticed a spriggan rider
  4898 | D        | Killed a spriggan rider
  5116 | D        | Noticed an oklob plant meteorologist
  5119 | D        | Found Zourgh's Antique Weapon Emporium.
  5119 | D        | Found Zahuqeng's General Store.
  5119 | D        | Found Doamet's Jewellery Shoppe.
  5120 | D        | Received a gift from Nemelex Xobeh
  5120 | D        | Reached **** piety under Nemelex Xobeh
  5389 | D        | Noticed an oklob plant shifter
  5397 | D        | Killed an oklob plant meteorologist
  5405 | D        | Killed an oklob plant shifter
  5405 | D        | Reached XP level 11. HP: 49/49 MP: 22/22
  5416 | D        | Received a gift from Nemelex Xobeh
  5804 | D        | Noticed an oklob plant summoner
  5805 | D        | Found Doathit's Distillery.
  5806 | D        | Found Vopaesch's Distillery.
  5807 | D        | Received a gift from Nemelex Xobeh
  5811 | D        | Killed an oklob plant summoner
  5932 | D        | Found Urauzu's Distillery.
  5932 | D        | Reached ***** piety under Nemelex Xobeh
  5932 | D        | Found Wasej's Armour Boutique.
  5932 | D        | Found Coruqefa's Assorted Antiques.
  5932 | D        | Found Vezajets's Jewellery Emporium.
  5932 | D        | Found Xoxis's Antique Armour Shoppe.
  5933 | D        | Found Wulomo's Assorted Antiques.
  5933 | D        | Found Ilat's Jewellery Shop.
  5933 | D        | Found Zodghuh's Weapon Boutique.
  6062 | D        | Bought the ring of Comywko {rF+ MR+ Stlth+} for 444 gold pieces
  6212 | D        | Noticed an oklob plant
  6212 | D        | Noticed an oklob plant
  6212 | D        | Noticed an oklob plant
  6212 | D        | Noticed an oklob plant
  6212 | D        | Noticed an oklob plant
  6212 | D        | Noticed an oklob plant
  6213 | D        | Noticed an oklob plant
  6214 | D        | Killed an oklob plant
  6215 | D        | Noticed an oklob plant
  6216 | D        | Killed an oklob plant
  6216 | D        | Reached skill level 24 in Stealth
  6217 | D        | Noticed an oklob plant
  6218 | D        | Killed an oklob plant
  6219 | D        | Noticed an oklob plant
  6220 | D        | Killed an oklob plant
  6221 | D        | Received a gift from Nemelex Xobeh
  6221 | D        | Noticed an oklob plant
  6222 | D        | Killed an oklob plant
  6223 | D        | Noticed an oklob plant
  6224 | D        | Killed an oklob plant
  6226 | D        | Killed an oklob plant
  6228 | D        | Killed an oklob plant
  6230 | D        | Killed an oklob plant
  6230 | D        | Reached skill level 25 in Stealth
  6230 | D        | Reached skill level 15 in Unarmed Combat
  6232 | D        | Killed an oklob plant
  6234 | D        | Killed an oklob plant
  6236 | D        | Killed an oklob plant
  6236 | D        | Reached skill level 15 in Evocations
  6440 | D        | Noticed an oklob plant demonologist
  6440 | D        | Noticed an oklob plant annihilator
  6441 | D        | Noticed a spriggan berserker
  6447 | D        | Killed an oklob plant annihilator
  6449 | D        | Killed a spriggan berserker
  6451 | D        | Killed an oklob plant demonologist
  6451 | D        | Reached skill level 26 in Stealth
  6599 | D        | Got a flickering iron amulet
  6690 | D        | Identified the amulet of Nerri {Faith rPois Str+3} (You found it in the Dungeon)
  6748 | D        | Received a gift from Nemelex Xobeh
  6987 | D        | Noticed a spriggan defender
  6987 | D        | Noticed a spriggan defender
  6991 | D        | Received a gift from Nemelex Xobeh
  6991 | D        | Noticed a spriggan druid
  6993 | D        | Mangled by a spriggan defender
  6994 | D        | Reached XP level 10. HP: -6/47 MP: 22/22
  7069 | D        | Killed a spriggan defender
  7135 | D        | Killed a spriggan defender
  7135 | D        | Reached XP level 11. HP: 7/50 MP: 23/23
  7254 | D        | Noticed a spriggan berserker
  7581 | D        | Killed a spriggan berserker
  7616 | D        | Killed a spriggan druid
  7711 | D        | Noticed a spriggan druid
  7714 | D        | Noticed a spriggan berserker
  7732 | D        | Killed from afar by a spriggan druid
  7733 | D        | Reached XP level 10. HP: -3/47 MP: 22/22
  7752 | D        | Killed a spriggan druid
  7769 | D        | Killed a spriggan berserker
  7769 | D        | Reached skill level 5 in Invocations
  7770 | D        | Noticed a spriggan rider
  7801 | D        | Noticed a moth of wrath
  7813 | D        | Killed a moth of wrath
  7813 | D        | Reached skill level 27 in Stealth
  7951 | D        | Noticed a spriggan rider
  7988 | D        | Noticed a spriggan defender
  7988 | D        | Noticed a spriggan druid
  8008 | D        | Killed a spriggan defender
  8010 | D        | Killed a spriggan druid
  8030 | D        | Noticed a moth of wrath
  8030 | D        | Noticed a moth of wrath
  8038 | D        | Killed a moth of wrath
  8042 | D        | Killed a moth of wrath
  8079 | D        | Noticed a ghost moth
  8123 | D        | Killed a ghost moth
  8123 | D        | Reached XP level 11. HP: 22/50 MP: 0/24
  8378 | D        | Received a gift from Nemelex Xobeh
  8380 | D        | Noticed the Enchantress
  8387 | D        | Killed the Enchantress
  8388 | D        | Noticed an oklob plant annihilator
  8389 | D        | Received a gift from Nemelex Xobeh
  8390 | D        | Noticed an oklob plant demonologist
  8399 | D        | Killed an oklob plant demonologist
  8402 | D        | Killed an oklob plant annihilator
  8542 | D        | Noticed a spriggan rider
  8549 | D        | Killed a spriggan rider
  8549 | D        | Reached skill level 10 in Invocations
  8551 | D        | Received a gift from Nemelex Xobeh
  8552 | D        | Noticed a spriggan berserker
  8569 | D        | Slain by a spriggan berserker

Skill      XL: |  1  2  3  4  5  6  7  8  9 10 11 |
---------------+----------------------------------+-----
Stealth        | 2 4 5 6 10 11 13 15 22 27 26 | 27.0
Dodging        | 5 6 7 8 9 10 12 | 12.1
Unarmed Combat | 5 7 8 10 11 12 13 14 16 | 16.2
Fighting       | 4 6 7 |  7.1
Evocations     | 1 4 6 9 13 16 15 | 16.8
Invocations    | 7 10 | 10.0

Action                   |  1- 3 |  4- 6 |  7- 9 | 10-12 || total
-------------------------+-------+-------+-------+-------++-------
Melee: Unarmed           |     7 |    20 |    43 |   131 ||   201
       Punch             |       |     1 |     1 |    10 ||    12
       Bite              |       |     2 |     8 |    13 ||    23
 Abil: Evoke Invisibilit |     1 |     5 |    10 |    16 ||    32
Evoke: Box of beasts     |       |       |     3 |     2 ||     5
       Deck              |       |       |       |    58 ||    58
  Use: Potion            |       |       |     1 |     1 ||     2
 Stab: Sleeping          |     3 |     2 |    11 |    28 ||    44
       Invisible         |       |     1 |     3 |     4 ||     8
       Distracted        |       |       |       |     1 ||     1
  Eat: Chunk             |     1 |       |       |       ||     1
       Meat ration       |       |       |     1 |       ||     1
       Royal jelly       |       |       |     1 |     4 ||     5
Armor: Skin              |       |       |       |     1 ||     1
Dodge: Dodged            |     1 |    18 |    40 |    70 ||   129
